 Dungeon Crawl Stone Soup version 0.22.1-5-g62c59d9 (webtiles) character file.

520863 Tiagovsky the Conqueror (level 24, -7/249 HPs)
             Began as a Minotaur Fighter on Jan 12, 2019.
             Was the Champion of Ru.
             Mangled by a green draconian monk (14 damage)
             ... on level 1 of the Realm of Zot on Jan 14, 2019.
             The game lasted 05:48:14 (79228 turns).

Tiagovsky the Conqueror (Minotaur Fighter)         Turns: 79228, Time: 05:48:33

Health: -7/249     AC: 34    Str: 33    XL:     24   Next: 10%
Magic:  22/22      EV:  9    Int:  1    God:    Ru [******]
Gold:   1030       SH: 24    Dex: 13    Spells: 19/23 levels left

rFire    + + .     SeeInvis .   w - +9 whip (drain)
rCold    + . .     Gourm    .   Q - +4 shield of the Moneychanger {rN++}
rNeg     + + +     Faith    .   l - +6 plate armour {rPois}
rPois    +         Spirit   .   D - +1 hat {MR+}
rElec    +         Reflect  +   O - scarf {rC+ rF+}
rCorr    .         Harm     .   Y - +1 pair of gloves
MR       +++..                  t - +2 pair of boots {run}
Stlth    ++........             K - +4 amulet of reflection
HPRegen  0.51/turn              v - ring of Lutol {rN+ MR+ Str+2 Dex+3}
MPRegen  0.18/turn              X - ring of protection from magic

@: lethally poisoned (-7 -> -15), exhausted, slowed, drained, very slow
A: retaliatory headbutt, claws 1, horns 2, blurry vision 1, dopey 2, fire
resistance 1, electricity resistance, weak 1, inability to use devices, hated by
all, inability to train dodging, no hexes magic, no poison magic, no summoning
magic, magic vulnerability 1
}: 3/15 runes: decaying, serpentine, silver
a: Draw Out Power, Power Leap, Apocalypse, Renounce Religion


You were on level 1 of the Realm of Zot.
You worshipped Ru.
Ru was exalted by your worship.
You were not hungry.

You visited 9 branches of the dungeon, and saw 44 of its levels.
You visited 1 bazaar.

You collected 4476 gold pieces.
You spent 3446 gold pieces at shops.

Inventory:

Hand Weapons
 w - a +9 whip of draining (weapon)
Missiles
 e - 5 javelins (quivered)
 i - 1180 stones
 r - 25 tomahawks
 U - 5 poisoned javelins
 V - 3 tomahawks of returning
Armour
 l - a +6 plate armour of poison resistance (worn)
 t - a +2 pair of boots of running (worn)
 D - a +1 hat of magic resistance (worn)
 O - a scarf of resistance (worn)
 Q - the +4 shield of the Moneychanger (worn) {rN++}
   (You acquired it on level 11 of the Dungeon)

   It greatly protects you from negative energy.
 Y - a +1 pair of gloves (worn)
Jewellery
 h - an uncursed ring of protection from magic
 q - the ring of Ukusiwin {+Fly rF+ MP+9}
   (You took it off Boris on level 3 of the Depths)

   [ring of magical power]

   It protects you from fire.
   It affects your magic capacity (+9).
   It lets you fly.
 v - the ring of Lutol (left hand) {rN+ MR+ Str+2 Dex+3}
   (You found it on level 3 of the Lair of Beasts)

   [ring of protection from magic]

   It affects your strength (+2).
   It affects your dexterity (+3).
   It protects you from negative energy.
   It affects your resistance to hostile enchantments.
 K - a +4 amulet of reflection (around neck)
 M - an uncursed ring of protection from cold
 T - an uncursed ring of poison resistance
 X - a ring of protection from magic (right hand)
 Z - the ring "Usouleq" {*Tele MR+ Str+3 Int+2 Slay-4}
   (You found it on level 5 of the Vaults)

   [ring of teleportation]

   It may teleport you next to monsters.
   It affects your strength (+3).
   It affects your intelligence (+2).
   It affects your accuracy and damage with ranged weapons and melee attacks
   (-4).
   It affects your resistance to hostile enchantments.
Scrolls
 b - 13 scrolls of fog
 c - a scroll of immolation
 g - 18 scrolls of remove curse
 p - 6 scrolls of enchant weapon
 u - a scroll of torment
 x - 11 scrolls of magic mapping
 C - 11 scrolls of teleportation
 F - 2 scrolls of identify
 G - 8 scrolls of amnesia
 H - 2 scrolls of holy word
 I - 6 scrolls of blinking
 L - 6 scrolls of fear
Potions
 a - 5 potions of cancellation
 d - 5 potions of lignification
 j - 6 potions of flight
 k - 9 potions of mutation
 m - a potion of experience
 n - a potion of invisibility
 o - 6 potions of ambrosia
 s - 4 potions of might
 A - 9 potions of curing
 B - 2 potions of berserk rage
 E - 3 potions of heal wounds
 J - 2 potions of magic
 N - 7 potions of haste
 P - 4 potions of agility
 S - 9 potions of brilliance
 W - 2 potions of resistance
Comestibles
 f - 25 rations


   Skills:
 O Level 27(26.4) Fighting
 - Level 12.0(11.5) Maces & Flails
 - Level 16.0(15.5) Throwing
 + Level 23.2(22.6) Armour
 - Level 16.0(15.5) Stealth
 + Level 17.1(16.6) Shields
 - Level 4.0(3.6) Necromancy


You had 19 spell levels left.
You knew the following spells:

 Your Spells              Type           Power        Failure   Level  Hunger
a - Pain                  Necr           #...         45%         1    ##.....
b - Vampiric Draining     Necr           #.........   83%         3    ####...

Your spell library contained the following spells:

 Spells                   Type           Power        Failure   Level  Hunger
 Corpse Rot               Necr           N/A          61%         2    ###....
 Sublimation of Blood     Necr           #.........   61%         2    ###....
 Apportation              Tloc           #.....       92%         1    ##.....
 Flame Tongue             Conj/Fire      #....        92%         1    ##.....
 Freeze                   Ice            #...         92%         1    ##.....
 Magic Dart               Conj           #...         92%         1    ##.....
 Shock                    Conj/Air       #...         92%         1    ##.....
 Regeneration             Chrm/Necr      #.........   97%         3    ####...
 Blink                    Tloc           N/A          98%         2    ###....
 Searing Ray              Conj           #.....       98%         2    ###....
 Throw Flame              Conj/Fire      #.....       98%         2    ###....
 Throw Frost              Conj/Ice       #.....       98%         2    ###....
 Conjure Flame            Conj/Fire      #.......     100%        3    ####...
 Lesser Beckoning         Tloc           #.........   100%        3    ####...
 Static Discharge         Conj/Air       #.......     100%        3    ####...
 Force Lance              Conj/Tloc      #.......     100%        4    #####..
 Ice Form                 Ice/Tmut       #.......     100%        4    #####..
 Iskenderun's Mystic Bla  Conj           #.......     100%        4    #####..
 Sticky Flame             Conj/Fire      #.......     100%        4    #####..
 Throw Icicle             Conj/Ice       #.......     100%        4    #####..
 Agony                    Necr           #.......     100%        5    ######.
 Bolt of Draining         Conj/Necr      #.........   100%        5    ######.
 Bolt of Magma            Conj/Fire/Erth #.........   100%        5    ######.
 Borgnjor's Vile Clutch   Necr/Erth      #.........   100%        5    ######.
 Dispel Undead            Necr           #.......     100%        5    ######.
 Excruciating Wounds      Chrm/Necr      #.........   100%        5    ######.
 Fireball                 Conj/Fire      #.........   100%        5    ######.
 Irradiate                Conj/Tmut      #.........   100%        5    ######.
 Iskenderun's Battlesphe  Conj/Chrm      #.......     100%        5    ######.
 Lightning Bolt           Conj/Air       #.........   100%        5    ######.
 Bolt of Cold             Conj/Ice       #.........   100%        6    #######
 Bolt of Fire             Conj/Fire      #.........   100%        6    #######
 Deflect Missiles         Chrm/Air       #.........   100%        6    #######
 Dispersal                Tloc           #.........   100%        6    #######
 Iron Shot                Conj/Erth      #.........   100%        6    #######
 Orb of Destruction       Conj           #.........   100%        7    #######
 Ring of Flames           Chrm/Fire      #.........   100%        7    #######
 Borgnjor's Revivificati  Necr           #.........   100%        8    #######
 Death's Door             Chrm/Necr      #.........   100%        8    #######
 Ignition                 Fire           #.........   100%        8    #######
 Necromutation            Tmut/Necr      #.........   100%        8    #######
 Animate Skeleton         Necr           Unusable     N/A         1    N/A
 Confusing Touch          Hex            Unusable     N/A         1    N/A
 Corona                   Hex            Unusable     N/A         1    N/A
 Sting                    Conj/Pois      Unusable     N/A         1    N/A
 Summon Butterflies       Summ           Unusable     N/A         1    N/A
 Summon Small Mammal      Summ           Unusable     N/A         1    N/A
 Call Imp                 Summ           Unusable     N/A         2    N/A
 Ensorcelled Hibernation  Hex/Ice        Unusable     N/A         2    N/A
 Slow                     Hex            Unusable     N/A         2    N/A
 Animate Dead             Necr           Unusable     N/A         4    N/A
 Confuse                  Hex            Unusable     N/A         3    N/A
 Dazzling Spray           Conj/Hex       Unusable     N/A         3    N/A
 Ignite Poison            Fire/Tmut/Pois Unusable     N/A         3    N/A
 Inner Flame              Hex/Fire       Unusable     N/A         3    N/A
 Mephitic Cloud           Conj/Pois/Air  Unusable     N/A         3    N/A
 Portal Projectile        Hex/Tloc       Unusable     N/A         3    N/A
 Spider Form              Tmut/Pois      Unusable     N/A         3    N/A
 Tukima's Dance           Hex            Unusable     N/A         3    N/A
 Cause Fear               Hex            Unusable     N/A         4    N/A
 Fulminant Prism          Conj/Hex       Unusable     N/A         4    N/A
 Summon Lightning Spire   Summ/Air       Unusable     N/A         4    N/A
 Aura of Abjuration       Summ           Unusable     N/A         5    N/A
 Metabolic Englaciation   Hex/Ice        Unusable     N/A         5    N/A
 Silence                  Hex/Air        Unusable     N/A         5    N/A
 Venom Bolt               Conj/Pois      Unusable     N/A         5    N/A
 Yara's Violent Unravell  Hex/Tmut       Unusable     N/A         5    N/A
 Darkness                 Hex            Unusable     N/A         6    N/A
 Shadow Creatures         Summ           Unusable     N/A         6    N/A
 Simulacrum               Ice/Necr       Unusable     N/A         6    N/A
 Haunt                    Necr/Summ      Unusable     N/A         7    N/A
 Spellforged Servitor     Conj/Summ      Unusable     N/A         7    N/A
 Discord                  Hex            Unusable     N/A         8    N/A
 Infestation              Necr           Unusable     N/A         8    N/A
 Dragon's Call            Summ           Unusable     N/A         9    N/A

Dungeon Overview and Level Annotations

Branches:
Dungeon (15/15)            Temple (1/1) D:7            Lair (6/6) D:11
  Swamp (4/4) Lair:3        Snake (4/4) Lair:2        Slime (0/5) Lair:6
    Orc (2/2) D:9             Elf (0/3) Orc:2        Vaults (5/5) D:14
  Crypt (0/3) Vaults:3     Depths (5/5) D:15            Zot (2/5) Depths:5

Altars:
Ashenzari
Cheibriados
Dithmenos
Elyvilon
Fedhas
Gozag
Hepliaklqana
Kikubaaqudgha
Makhleb
Nemelex Xobeh
Okawaru
Qazlal
Ru
Sif Muna
Trog
Uskayaw
Vehumet
Wu Jian
Xom
Yredelemnul
Zin
The Shining One
Beogh
Lugonu

Shops:
D:4 *   D:7 *   D:14 ?=**   Orc:2 ((*}[(   Snake:1 *   Snake:2 !   Vaults:1 (
Vaults:2 *   Vaults:3 }   Depths:4 [   Depths:5 :

Portals:
Hell: Lair:6 Depths:1 Depths:2 Depths:4 Depths:5
Abyss: Depths:2 Depths:4 Depths:5
Pandemonium: Depths:4 Depths:5
Ziggurat: Depths:1
Trove: Vaults:4 (give 2 scrolls of acquirement)

Annotations:
Lair:2 exclusion: oklob plant
Swamp:3 exclusion: 2 oklob plants
Snake:4 exclusion: oklob plant
Depths:3 exclusion: 2 obsidian statues


Innate Abilities, Weirdness & Mutations

You reflexively headbutt those who attack you in melee.
You have a pair of horns on your head.
You are weak. (Str -2)
You cannot study or use magical devices.
You are hated by all.
You cannot train Dodging skill.
You cannot study or cast Hexes magic.
You cannot study or cast Poison magic.
You cannot study or cast Summoning magic.
You are slightly vulnerable to magic. (MR-)
You have sharp fingernails.
Scrolls take you a little longer to read.
You are very dopey. (Int -4)
Your flesh is heat resistant. (rF+)
You are resistant to electric shocks. (rElec)


Message History

You are restored by drawing out deep reserves of power within.
You feel drained.
You feel very sick.
The green draconian monk stops glowing.
You block the death cob's attack.
You block the green draconian monk's attack.
The green draconian monk kicks you!
* * * LOW HITPOINT WARNING * * *
You focus your will and blind the green draconian monk in retribution!
The green draconian monk barely misses you.
You block the green draconian monk's attack.
The death cob hits you!!
* * * LOW HITPOINT WARNING * * *
The death cob drains your vigour!
You feel yourself slow down. The moth of wrath bites you!
* * * LOW HITPOINT WARNING * * *
You block the green draconian monk's attack.
The green draconian monk kicks you but does no damage.
You block the green draconian monk's attack.
The green draconian monk tail-slaps you!
You die...

##### ###...#.............
#...# #.....#.............
#...# #................:..
#...######...................
#.........................###
#.###...####...##.....#####
#.# #...#......###......#
#####.# #...#...zq.##.......#
#...#.#####.....@..##...#...#
#......##.......)y.##...#####
.....................#.##
.....................#.#
.....................#.#
)[.##.##########....##.##
.)....# #....#...# ###...####
#........# # #......#
#...>....#


You could see a green draconian monk (berserk), a death cob and a moth of wrath.

Vanquished Creatures
  An orb of fire (Zot:1)
  A juggernaut (Depths:2)
  2 ancient liches
  Boris (Depths:3)
  Vashnia (Snake:3)
  Saint Roka (Snake:1)
  A caustic shrike (Depths:4)
  3 golden dragons
  Nikola (Swamp:1)
  3 liches
  8 tentacled monstrosities
  2 quicksilver dragons
  5 titans
  4 sphinxes
  Frances (D:14)
  Gastronok (D:12)
  Agnes (Snake:2)
  2 storm dragons
  2 draconian monks (Zot:1)
  Kirke (Lair:5)
  3 shadow dragons
  9 tengu reavers
  2 thorn hunters (Swamp:3)
  11 fire giants
  9 nagarajas
  7 deep elf sorcerers
  16 vault wardens
  11 frost giants
  Louise (Snake:3)
  A draconian scorcher (Depths:5)
  6 iron dragons
  A ghoul (Vaults:4)
  2 deep elf elementalists (Vaults:5)
  A draconian stormcaller (Zot:1)
  5 war gargoyles
  A caustic shrike skeleton (Depths:1)
  A cacodemon (Depths:5)
  19 ironheart preservers
  22 very ugly things
  2 black draconians
  2 green draconians (Zot:1)
  2 vampire knights
  11 stone giants
  A deep elf demonologist (Vaults:2)
  An entropy weaver (Vaults:4)
  5 white draconians
  Nessos (Lair:5)
  Azrael (D:14)
  3 deep elf annihilators
  A spark wasp (Depths:4)
  A yellow draconian (Depths:5)
  2 purple draconians
  12 crystal guardians (Depths:3)
  3 deep elf death magi
  2 red draconians (Zot:1)
  13 ettins
  Josephine (Orc:1)
  3 fire dragons (Depths:2)
  10 ogre magi
  A jiangshi (Vaults:3)
  Fannar (Lair:1)
  3 rakshasas
  14 yaktaur captains
  Harold (D:9)
  10 naga warriors
  12 hydras
  10 great orbs of eyes
  8 ice dragons
  2 ghost crabs (Swamp:4)
  A spriggan air mage (Depths:5)
  A catoblepas (D:12)
  A hydra (shapeshifter) (Depths:2)
  32 vault guards
  7 anacondas
  3 death knights (Vaults:4)
  13 dancing weapons
  Erica (D:10)
  8 alligators
  23 two-headed ogres
  6 tengu warriors
  11 centaur warriors
  7 deep troll earth magi
  2 vampire magi (Depths:2)
  5 orc high priests
  A spriggan berserker (Depths:5)
  8 deep troll shamans
  2 shock serpents
  Urug (Lair:1)
  2 sun demons
  A storm dragon zombie (Vaults:4)
  Sonja (Lair:5)
  The ghost of Rwicked the Geomancer, a novice GrEE of Vehumet (D:10)
  12 naga sharpshooters
  3 deep elf knights
  A fire crab (shapeshifter) (Depths:3)
  8 iron trolls
  A soul eater (Depths:4)
  4 salamander mystics
  A sixfirhy (Depths:5)
  A death drake (shapeshifter) (Depths:2)
  4 unseen horrors
  22 deep trolls
  6 hell knights
  2 skeletal warriors (Vaults:4)
  2 spriggan druids
  A spark wasp zombie (Depths:1)
  3 flayed ghosts
  A quicksilver dragon simulacrum (Depths:2)
  A gelid demonspawn (Depths:5)
  2 deep elf archers
  3 swamp dragons
  A deep troll (shapeshifter) (Depths:3)
  2 obsidian statues (Depths:3)
  6 glowing orange brains
  4 naga ritualists
  An entropy weaver zombie (Vaults:1)
  5 phantasmal warriors
  5 wizards
  3 shambling mangroves
  15 ironbrand convokers
  Pikel (D:8)
  A harpy (shapeshifter) (Vaults:1)
  23 orc knights
  5 harpies (Vaults:2)
  11 orc sorcerers
  A wolf spider zombie (D:14)
  A tengu skeleton (Vaults:4)
  7 mana vipers
  An iron dragon zombie (Depths:1)
  2 stone giant zombies
  A faun (shapeshifter) (Depths:3)
  59 ugly things
  A sphinx zombie (Depths:2)
  A golden dragon skeleton (Depths:1)
  2 manticores (D:15)
  7 deep elf magi
  10 necromancers
  A wolf spider (shapeshifter) (Depths:3)
  7 wolf spiders
  5 moths of wrath (Zot:1)
  9 cyclopes
  4 moths of wrath (shapeshifter)
  14 elephants
  5 salamanders
  A rust devil (Depths:4)
  2 guardian serpents (shapeshifter)
  3 human skeletons
  15 vault sentinels
  15 guardian serpents
  40 black mambas
  2 molten gargoyles (Depths:3)
  A smoke demon (Lair:6)
  25 naga magi
  17 spiny frogs
  3 orange demons
  3 gargoyles
  5 centaur skeletons
  An eye of devastation (shapeshifter) (Depths:3)
  A yaktaur zombie (Vaults:1)
  2 rime drakes (shapeshifter)
  4 rime drakes
  14 freezing wraiths
  6 swamp worm zombies (Swamp:4)
  48 yaktaurs
  A yaktaur (shapeshifter) (Vaults:4)
  A komodo dragon (shapeshifter) (Vaults:3)
  A spiny frog (shapeshifter) (D:10)
  6 komodo dragons
  An efreet (D:14)
  3 ice devils
  A tormentor (Depths:4)
  2 tengu conjurers
  A yaktaur skeleton (Vaults:4)
  A hellwing (Depths:4)
  6 trolls
  Grinder (D:6)
  2 meliai (shapeshifter)
  2 merfolk (shapeshifter)
  10 tyrant leeches
  2 red devils (Lair:6)
  19 hornets
  2 shadow dragon simulacra
  2 trolls (shapeshifter)
  A tengu simulacrum (Vaults:4)
  2 polar bears
  A spectral swamp dragon (Swamp:4)
  A merfolk (D:10)
  A raiju (shapeshifter) (D:15)
  7 raiju (Depths:3)
  A blink frog (shapeshifter) (Depths:3)
  40 slime creatures
  2 hornets (shapeshifter)
  4 dream sheep
  13 blink frogs
  5 bog bodies
  3 alligator zombies (Swamp:4)
  9 hippogriffs
  2 fire giant simulacra (Vaults:4)
  An ettin zombie (Depths:1)
  2 vampires
  2 spriggans (shapeshifter)
  44 yaks
  3 air elementals (Depths:3)
  11 water elementals
  A human (D:14)
  2 shadows
  4 wyverns
  2 ettin skeletons (Vaults:4)
  2 redbacks (shapeshifter)
  10 spriggans
  A tarantella (shapeshifter) (Vaults:4)
  Sigmund (D:6)
  5 wraiths
  4 hogs
  A fire bat (shapeshifter) (D:10)
  A steam dragon (D:13)
  8 fire elementals
  A hungry ghost (D:11)
  6 basilisks
  A neqoxec (D:10)
  A golden eye (shapeshifter) (Depths:4)
  20 vampire mosquitoes
  Menkaure (D:5)
  A swamp worm (shapeshifter) (Depths:3)
  52 nagas
  11 swamp worms
  22 insubstantial wisps
  5 wargs
  A soldier ant (D:12)
  Edmund (D:6)
  An acid dragon (D:14)
  A soldier ant (shapeshifter) (Vaults:1)
  18 water moccasins
  A floating eye (Depths:2)
  A porcupine (shapeshifter) (D:10)
  9 porcupines
  Duvessa (D:6)
  6 hell hounds
  5 swamp drakes
  50 orc warriors
  3 ice beasts
  A floating eye (shapeshifter) (Vaults:4)
  2 sky beasts
  A black bear (shapeshifter) (Depths:1)
  5 black bears
  24 ogres
  A necrophage (D:11)
  5 phantoms
  2 slaves (D:8)
  A swamp dragon zombie (Swamp:4)
  An elf skeleton (Vaults:4)
  21 centaurs
  4 boggarts
  4 wolves
  A centaur (shapeshifter) (Vaults:2)
  9 crocodiles
  3 big kobolds
  13 bullfrogs
  2 human zombies (Vaults:4)
  2 wyvern zombies
  19 earth elementals
  Dowan (D:6)
  2 scorpions
  2 scorpions (shapeshifter)
  A human simulacrum (Vaults:3)
  5 killer bees (D:11)
  7 wights
  An electric eel (Lair:5)
  3 howler monkeys (D:13)
  A howler monkey (shapeshifter) (D:10)
  5 centaur zombies
  10 crimson imps
  2 bullfrog zombies
  6 hounds
  3 quasits
  5 jellies
  29 orc priests
  An iron imp (Depths:4)
  2 bullfrog skeletons
  23 orc wizards
  6 iguanas
  7 worker ants
  A killer bee zombie (D:8)
  2 hound zombies
  A hound skeleton (D:4)
  3 worker ant zombies
  A howler monkey skeleton (D:3)
  16 adders
  3 shadow imps
  2 white imps (Depths:4)
  An ooze (D:3)
  4 adder skeletons
  2 worms
  A ball lightning (Depths:3)
  3 dart slugs
  7 leopard geckos
  136 orcs
  5 ball pythons
  8 bats
  4 giant cockroaches
  2 goblins
  10 hobgoblins
  5 jackals
  2 quokkas
  3 frilled lizards
  A jackal zombie (D:6)
  19 kobolds
  A leopard gecko skeleton (D:8)
  7 rats
  A fungus (Lair:6)
1928 creatures vanquished.

Vanquished Creatures (others)
  A lich (Depths:1)
  2 frost giants (Depths:2)
  A very ugly thing (Depths:2)
  A war gargoyle (Vaults:5)
  A deep elf annihilator (Vaults:5)
  An ettin (Depths:1)
  4 yaktaur captains
  A hydra (Swamp:1)
  A glowing orange brain (Depths:2)
  A deep elf archer (Vaults:4)
  A death drake (Swamp:4)
  An ironbrand convoker (Vaults:4)
  An ugly thing (Vaults:3)
  A salamander (Snake:4)
  A wolf spider (Vaults:3)
  An orc knight (Vaults:5)
  A cyclops (Vaults:2)
  A guardian serpent (Snake:4)
  A vault sentinel (Vaults:4)
  A gargoyle (D:14)
  11 yaktaurs
  A freezing wraith (Vaults:4)
  A tengu conjurer (Depths:2)
  A dream sheep (shapeshifter) (Depths:3)
  A wyvern (shapeshifter) (Vaults:2)
  2 humans (Lair:5)
  A yak (D:12)
  A vampire mosquito (Swamp:4)
  2 swamp worms (Swamp:4)
  A naga (Snake:4)
  A hell hound (Lair:6)
  A swamp drake (D:9)
  4 orc warriors
  3 boggarts (Vaults:3)
  3 ogres
  A centaur (D:15)
  A crimson imp (D:12)
  An orc wizard (Orc:2)
  An adder (D:8)
  13 ball lightnings (Depths:3)
  5 orcs
  12 fungi
  5 plants
97 creatures vanquished.

Grand Total: 2025 creatures vanquished

Notes
Turn   | Place    | Note
-------+----------+-------------------------------------------
     0 | D:1      | Tiagovsky the Minotaur Fighter began the quest for the Orb.
     0 | D:1      | Reached XP level 1. HP: 19/19 MP: 0/0
   443 | D:1      | Reached XP level 2. HP: 27/27 MP: 1/1
   691 | D:2      | Reached skill level 4 in Fighting
   852 | D:2      | Reached XP level 3. HP: 25/33 MP: 2/2
  1796 | D:3      | Reached XP level 4. HP: 33/41 MP: 3/3
  2231 | D:3      | Reached skill level 5 in Fighting
  2306 | D:3      | Reached skill level 5 in Shields
  2309 | D:3      | Reached XP level 5. HP: 45/48 MP: 4/4
  2405 | D:4      | Noticed an ogre
  2415 | D:4      | Killed an ogre
  2451 | D:4      | Found Aroujod's General Store.
  2597 | D:4      | Found a white marble altar of Elyvilon.
  2632 | D:4      | Reached XP level 6. HP: 56/56 MP: 5/5
  2813 | D:4      | Reached skill level 5 in Maces & Flails
  2813 | D:4      | Reached skill level 1 in Evocations
  2909 | D:5      | Entered Level 5 of the Dungeon
  2929 | D:5      | Reached skill level 6 in Fighting
  2978 | D:5      | Reached XP level 7. HP: 61/63 MP: 7/7
  3484 | D:5      | Noticed Menkaure
  3499 | D:5      | Killed Menkaure
  3815 | D:6      | Noticed Edmund
  3826 | D:6      | Killed Edmund
  3826 | D:6      | Reached skill level 7 in Fighting
  3826 | D:6      | Reached XP level 8. HP: 63/73 MP: 9/9
  4477 | D:6      | Noticed Duvessa
  4481 | D:6      | Noticed Dowan
  4490 | D:6      | Killed Duvessa
  4494 | D:6      | Killed Dowan
  4537 | D:6      | Noticed Sigmund
  4547 | D:6      | Killed Sigmund
  4678 | D:6      | Reached skill level 8 in Fighting
  5155 | D:6      | Noticed Grinder
  5164 | D:6      | Paralysed by Grinder for 7 turns
  5174 | D:6      | Paralysed by Grinder for 6 turns
  5185 | D:6      | Paralysed by Grinder for 3 turns
  5189 | D:6      | Killed Grinder
  5189 | D:6      | Reached XP level 9. HP: 41/82 MP: 11/11
  5635 | D:7      | Found Vaenikho's Assorted Antiques.
  5642 | D:7      | Bought a scroll of identify for 52 gold pieces
  6264 | D:7      | Found a staircase to the Ecumenical Temple.
  6274 | Temple   | Entered the Ecumenical Temple
  6465 | Temple   | Became a worshipper of Ru the Awakened
  6557 | D:7      | Reached skill level 9 in Fighting
  6771 | D:7      | Found a glowing golden altar of the Shining One.
  6773 | D:7      | Got an ichor-stained mace
  6781 | D:7      | Identified the cursed +0 mace of Saoheic {crush, Str+4
                  | Int+2} (You found it on level 7 of the Dungeon)
  6892 | D:8      | Found an iron altar of Okawaru.
  7171 | D:8      | Noticed Pikel
  7185 | D:8      | Killed Pikel
  7185 | D:8      | Reached skill level 10 in Fighting
  7185 | D:8      | Reached skill level 10 in Shields
  7251 | D:8      | Reached XP level 10. HP: 84/93 MP: 12/12
  7907 | D:9      | Gained mutation: You are slightly vulnerable to magic.
                  | (MR-) [Ru sacrifice]
  7907 | D:9      | Reached * piety under Ru
  8099 | D:9      | Reached skill level 10 in Maces & Flails
  8526 | D:9      | Noticed a two-headed ogre
  8534 | D:9      | Killed a two-headed ogre
  8629 | D:9      | Reached skill level 11 in Fighting
  8994 | D:9      | Found a staircase to the Orcish Mines.
  9325 | D:9      | Found a shimmering altar of Xom.
  9328 | D:9      | Found a glowing golden altar of the Shining One.
  9328 | D:9      | Found a radiant altar of Vehumet.
  9330 | D:9      | Found an ancient bone altar of Kikubaaqudgha.
  9330 | D:9      | Found a hide-covered altar of Uskayaw.
  9330 | D:9      | Found a shattered altar of Ashenzari.
  9399 | D:10     | Entered Level 10 of the Dungeon
  9825 | D:10     | Reached XP level 11. HP: 97/103 MP: 13/13
  9988 | D:10     | Noticed Erica
 10007 | D:10     | Killed Erica
 10007 | D:10     | Reached skill level 5 in Armour
 10357 | D:10     | Gained mutation: You cannot train Dodging skill. [Ru
                  | sacrifice]
 10357 | D:10     | Reached ** piety under Ru
 10448 | D:10     | Noticed a two-headed ogre
 10460 | D:10     | Killed a two-headed ogre
 10514 | D:10     | Reached skill level 12 in Fighting
 10863 | D:10     | Noticed a two-headed ogre
 10874 | D:10     | Killed a two-headed ogre
 11437 | D:10     | Found a runed gate.
 11437 | D:10     | Found a runed gate.
 11437 | D:10     | Found a runed gate.
 11444 | D:10     | Noticed a green ugly thing
 11444 | D:10     | Noticed a white ugly thing
 11444 | D:10     | Noticed a purple ugly thing
 11445 | D:10     | Noticed a brown very ugly thing
 11900 | D:11     | Noticed a purple ugly thing
 11907 | D:11     | Killed a purple ugly thing
 12096 | D:11     | Noticed a two-headed ogre
 12105 | D:11     | Killed a two-headed ogre
 12774 | D:11     | Found a staircase to the Lair.
 12811 | D:11     | Noticed a five-headed hydra
 12822 | D:11     | Killed a five-headed hydra
 13197 | D:11     | Identified a scroll of acquirement
 13200 | D:11     | Got a transparent shield
 13211 | D:11     | Identified the +4 shield of the Moneychanger {rN++} (You
                  | acquired it on level 11 of the Dungeon)
 13232 | Lair:1   | Entered Level 1 of the Lair of Beasts
 13232 | Lair:1   | Noticed Urug
 13243 | Lair:1   | Reached skill level 13 in Fighting
 13243 | Lair:1   | Reached XP level 12. HP: 102/115 MP: 14/14
 13264 | Lair:1   | Killed Urug
 13269 | Lair:1   | Gained mutation: You cannot study or use magical devices.
                  | [Ru sacrifice]
 13269 | Lair:1   | Reached *** piety under Ru
 13269 | Lair:1   | Reached **** piety under Ru
 13269 | Lair:1   | Reached ***** piety under Ru
 13812 | Lair:1   | Noticed Fannar
 13829 | Lair:1   | Killed Fannar
 14525 | Lair:1   | Gained mutation: You are weak. (Str -2) [potion of
                  | mutation]
 14525 | Lair:1   | Gained mutation: You are robust. (+10% HP) [potion of
                  | mutation]
 14525 | Lair:1   | Gained mutation: You are resistant to electric shocks.
                  | (rElec) [potion of mutation]
 14525 | Lair:1   | Gained mutation: You evolve. [potion of mutation]
 14822 | Lair:2   | Reached skill level 14 in Fighting
 15375 | Lair:2   | Found a staircase to the Snake Pit.
 16426 | Lair:3   | Reached skill level 15 in Fighting
 16472 | Lair:3   | Found a staircase to the Swamp.
 16482 | Lair:3   | Got a scintillating silver ring
 16593 | Lair:3   | Identified the ring of Lutol {rN+ MR+ Str+2 Dex+3} (You
                  | found it on level 3 of the Lair of Beasts)
 16629 | Lair:3   | Reached skill level 15 in Shields
 16667 | Lair:3   | Reached XP level 13. HP: 124/138 MP: 12/12
 17173 | Lair:4   | Identified the Compendium of the Glacier and Fire
 17177 | Lair:4   | Learned a level 1 spell: Pain
 17534 | Lair:5   | Found a bloodstained altar of Trog.
 17540 | Lair:5   | Noticed Kirke
 17614 | Lair:5   | Killed Kirke
 17614 | Lair:5   | Reached skill level 1 in Stealth
 17614 | Lair:5   | Reached skill level 1 in Necromancy
 17632 | Lair:5   | Noticed Sonja
 18430 | Lair:5   | Noticed Nessos
 18454 | Lair:5   | Killed Nessos
 18848 | Lair:5   | Killed Sonja
 19275 | Lair:5   | Reached skill level 10 in Armour
 19541 | Lair:5   | Gained mutation: You are very robust. (+20% HP) [evolution]
 19743 | Lair:6   | Entered Level 6 of the Lair of Beasts
 19973 | Lair:6   | Reached skill level 16 in Fighting
 20125 | Lair:6   | Lost mutation: You evolve. [end of evolution]
 20260 | Lair:6   | Found a burning altar of Makhleb.
 20765 | Lair:6   | Reached XP level 14. HP: 164/164 MP: 13/13
 20798 | Lair:6   | Found a gateway to Hell.
 21283 | Lair:6   | Reached skill level 5 in Stealth
 21505 | Lair:6   | Found a staircase to the Slime Pits.
 22171 | Orc:1    | Entered Level 1 of the Orcish Mines
 22171 | Orc:1    | Noticed Josephine
 22236 | Orc:1    | Noticed Harold
 22241 | Orc:1    | Killed Josephine
 22261 | D:9      | Killed Harold
 22628 | Orc:1    | Gained mutation: You are hated by all. [Ru sacrifice]
 22835 | Orc:2    | Entered Level 2 of the Orcish Mines
 22835 | Orc:2    | Found a roughly hewn altar of Beogh.
 22854 | Orc:2    | Found Jiomukle's Weapon Shop.
 22968 | Orc:2    | Found a staircase to the Elven Halls.
 23076 | Orc:2    | Found Cupt's Weapon Boutique.
 23301 | Orc:2    | Found Diment Zoigi's Armour Shop.
 23397 | Orc:2    | Reached skill level 17 in Fighting
 23721 | Orc:2    | Found Uciesab's Assorted Antiques.
 23729 | Orc:2    | Bought a scroll of identify for 30 gold pieces
 23745 | Orc:2    | Found Toixyfroeb's Antique Weapon Shoppe.
 23747 | Orc:2    | Found Myhettyu's Gadget Shop.
 23911 | Orc:2    | Bought the +4 ring mail of Parts Unknown {rPois rF- rN+++
                  | Str-3} for 600 gold pieces
 24029 | Orc:2    | Bought a +1 pair of boots of stealth for 231 gold pieces
 24284 | Swamp:1  | Entered Level 1 of the Swamp
 24843 | Swamp:1  | Learned a level 3 spell: Vampiric Draining
 26082 | Swamp:1  | Noticed Nikola
 26117 | Swamp:1  | Killed Nikola
 26117 | Swamp:1  | Reached XP level 15. HP: 134/178 MP: 14/14
 26746 | Swamp:2  | Lost mutation: You are very robust. (+20% HP) [potion of
                  | mutation]
 26746 | Swamp:2  | Lost mutation: You are weak. (Str -2) [potion of mutation]
 26746 | Swamp:2  | Gained mutation: You are dopey. (Int -2) [potion of
                  | mutation]
 26746 | Swamp:2  | Gained mutation: Your flesh is heat resistant. (rF+)
                  | [potion of mutation]
 26746 | Swamp:2  | Gained mutation: You have sharp fingernails. [potion of
                  | mutation]
 26916 | Swamp:2  | Reached skill level 18 in Fighting
 27860 | Swamp:3  | Noticed a thorn hunter
 28186 | Swamp:3  | Killed a thorn hunter
 28462 | Swamp:3  | Paralysed by a hornet for 2 turns
 28616 | Swamp:2  | Paralysed by a hornet for 1 turns
 30030 | Swamp:3  | Noticed a thorn hunter
 30051 | Swamp:3  | Killed a thorn hunter
 30344 | Snake:1  | Entered Level 1 of the Snake Pit
 31283 | Snake:1  | Reached skill level 10 in Stealth
 31424 | Snake:1  | Found Hing's Assorted Antiques.
 31437 | Snake:1  | Bought a scroll of identify for 56 gold pieces
 32223 | Snake:1  | Reached skill level 19 in Fighting
 32259 | Snake:1  | Got a pitted leather armour
 32703 | Snake:1  | Reached XP level 16. HP: 167/176 MP: 15/15
 32887 | Snake:2  | Noticed Agnes
 32914 | Snake:2  | Killed Agnes
 33237 | Snake:2  | Found Tilamoca's Distillery.
 33249 | Snake:2  | Bought a potion of curing for 33 gold pieces
 33249 | Snake:2  | Bought a potion of haste for 110 gold pieces
 33317 | Snake:2  | Noticed Saint Roka
 33623 | Snake:1  | Killed Saint Roka
 34381 | Snake:3  | Noticed Louise
 34578 | Snake:3  | Killed Louise
 34578 | Snake:3  | Reached skill level 15 in Armour
 35043 | Snake:3  | Noticed Vashnia
 35576 | Snake:3  | Killed Vashnia
 36145 | Snake:4  | Entered Level 4 of the Snake Pit
 36695 | Snake:4  | Reached skill level 20 in Fighting
 37696 | Snake:4  | Reached XP level 17. HP: 166/187 MP: 16/16
 40718 | Snake:4  | Found a bloodstained altar of Trog.
 41476 | Snake:4  | Got a serpentine rune of Zot
 41726 | D:10     | Found a runed gate.
 41726 | D:10     | Found a runed gate.
 41730 | D:10     | Found a runed gate.
 41759 | D:10     | Noticed Rwicked's ghost (novice GrEE)
 41792 | D:10     | Killed Rwicked's ghost
 42058 | Swamp:4  | Entered Level 4 of the Swamp
 43069 | Swamp:4  | Noticed a bone dragon
 43094 | Swamp:4  | Got a decaying rune of Zot
 44195 | D:12     | Noticed Gastronok
 44211 | D:12     | Killed Gastronok
 44262 | D:12     | Found a roughly hewn altar of Beogh.
 44532 | D:12     | Reached skill level 21 in Fighting
 46073 | D:14     | Noticed Frances
 46086 | D:14     | Killed Frances
 46376 | D:14     | Reached XP level 18. HP: 200/200 MP: 17/17
 46459 | D:14     | Found a gate to the Vaults.
 46636 | D:14     | Found an opulent altar of Gozag.
 46701 | D:14     | Found Caschot's Magic Scroll Boutique.
 46716 | D:14     | Bought a scroll of identify for 30 gold pieces
 46716 | D:14     | Bought 3 scrolls of identify for 90 gold pieces
 46716 | D:14     | Bought a scroll of identify for 30 gold pieces
 46733 | D:14     | Noticed Azrael
 46763 | D:14     | Killed Azrael
 47012 | D:14     | Found Gaygh's Assorted Antiques.
 47027 | D:14     | Bought a scroll of identify for 58 gold pieces
 47117 | D:14     | Found Daam's Assorted Antiques.
 47225 | D:14     | Found Quonuy's Jewellery Emporium.
 47279 | D:14     | Bought a +4 amulet of reflection for 324 gold pieces
 47418 | Vaults:1 | Entered Level 1 of the Vaults
 47548 | Vaults:1 | Found Ucwuci's Weapon Emporium.
 48907 | Vaults:1 | Found a sacrificial altar of Ru.
 49849 | D:14     | Bought a shiny ring mail for 168 gold pieces
 50057 | D:12     | Gained mutation: You are weak. (Str -2) [Ru sacrifice]
 50226 | D:4      | Bought a scarf of resistance for 448 gold pieces
 50915 | Vaults:2 | Reached skill level 22 in Fighting
 51934 | Vaults:2 | Reached XP level 19. HP: 135/211 MP: 18/18
 52431 | Vaults:2 | Noticed a lich
 52482 | Vaults:2 | Killed a lich
 52922 | Vaults:2 | Found Vueruigo's Assorted Antiques.
 53217 | Vaults:3 | Gained mutation: You cannot study or cast Poison magic. [Ru
                  | sacrifice]
 53217 | Vaults:3 | Gained mutation: You cannot study or cast Hexes magic. [Ru
                  | sacrifice]
 53217 | Vaults:3 | Gained mutation: You cannot study or cast Summoning magic.
                  | [Ru sacrifice]
 53217 | Vaults:3 | Reached ****** piety under Ru
 53338 | Vaults:3 | Reached skill level 15 in Stealth
 53879 | Vaults:3 | Found Paorutre's Gadget Shoppe.
 54760 | Vaults:3 | Found a staircase to the Crypt.
 55014 | Vaults:3 | Reached skill level 23 in Fighting
 55608 | Vaults:4 | Reached skill level 1 in Throwing
 56171 | Vaults:4 | Reached XP level 20. HP: 199/224 MP: 19/19
 56523 | Vaults:4 | Identified Bilon's Disquisition on Ghastly Attacks
 57432 | Vaults:4 | Found a portal to a secret trove of treasure.
 57823 | D:15     | Entered Level 15 of the Dungeon
 58051 | D:15     | Reached skill level 5 in Throwing
 58646 | D:15     | Found a staircase to the Depths.
 59039 | Depths:1 | Entered Level 1 of the Depths
 59434 | Depths:1 | Found a snail-covered altar of Cheibriados.
 60003 | Depths:1 | Found a gateway to a ziggurat.
 60516 | Depths:1 | Reached skill level 24 in Fighting
 60939 | Depths:2 | Noticed a juggernaut
 60971 | Depths:2 | Killed a juggernaut
 60983 | Depths:2 | Reached XP level 21. HP: 211/233 MP: 20/20
 61367 | Depths:2 | Paralysed by a floating eye for 3 turns
 62666 | Depths:2 | Found a corrupted altar of Lugonu.
 62666 | Depths:2 | Found a one-way gate to the infinite horrors of the Abyss.
 64313 | Depths:3 | Reached skill level 10 in Throwing
 64320 | Depths:3 | Paralysed by a floating eye for 4 turns
 65113 | Depths:3 | Reached skill level 25 in Fighting
 65599 | Depths:3 | Noticed Boris
 65642 | Depths:3 | Killed Boris
 65644 | Depths:3 | Got a smoking ivory ring
 65663 | Depths:3 | Identified the Collected Works on the Birds and Curses
 66715 | Depths:4 | Found a one-way gate leading to the halls of Pandemonium.
 66956 | Depths:4 | Reached XP level 22. HP: 205/248 MP: 21/21
 67608 | Depths:4 | Identified the ring of Ukusiwin {+Fly rF+ MP+9} (You took
                  | it off Boris on level 3 of the Depths)
 68051 | Depths:4 | Noticed a caustic shrike
 68073 | Depths:4 | Killed a caustic shrike
 68357 | Depths:4 | Noticed a golden dragon
 68375 | Depths:4 | Killed a golden dragon
 68755 | Depths:4 | Found the +7 longbow "Piercer" {penet, EV-2}
 68999 | Depths:4 | Found Eco Dyur's Antique Armour Emporium.
 69010 | Depths:4 | Found a gateway to a bazaar.
 69324 | Depths:5 | Entered Level 5 of the Depths
 69336 | Depths:5 | Found a shattered altar of Ashenzari.
 69577 | Depths:5 | Noticed a golden dragon
 69578 | Depths:5 | Reached skill level 26 in Fighting
 69602 | Depths:5 | Killed a golden dragon
 70594 | Depths:5 | Found a gate to the Realm of Zot.
 70637 | Depths:5 | Found Tafeacon's Book Shop.
 71221 | Bazaar   | Entered a bazaar
 71225 | Bazaar   | Found Bishi's General Store.
 71237 | Bazaar   | Found Puoxtyar's Jewellery Boutique.
 71244 | Bazaar   | Found Natsais's Armour Boutique.
 71253 | Bazaar   | Found Defiuluo's Gadget Shoppe.
 71276 | Bazaar   | Bought a +0 pair of boots of running for 315 gold pieces
 71559 | D:14     | Bought a scroll of blinking for 112 gold pieces
 71559 | D:14     | Bought a scroll of enchant armour for 112 gold pieces
 71744 | Orc:2    | Bought a potion of haste for 150 gold pieces
 71744 | Orc:2    | Bought a scroll of enchant armour for 112 gold pieces
 71996 | D:4      | Bought a ration for 70 gold pieces
 71996 | D:4      | Bought a scroll of blinking for 105 gold pieces
 72736 | Snake:1  | Bought a pair of embroidered gloves for 210 gold pieces
 73080 | Vaults:5 | Entered Level 5 of the Vaults
 73082 | Vaults:5 | Noticed an ancient lich
 73088 | Vaults:5 | Killed an ancient lich
 73088 | Vaults:5 | Reached XP level 23. HP: 209/261 MP: 22/22
 73775 | Vaults:5 | Reached skill level 27 in Fighting
 73842 | Vaults:4 | Reached skill level 15 in Throwing
 75349 | Vaults:5 | Noticed an ancient lich
 75410 | Vaults:4 | Killed an ancient lich
 75694 | Vaults:5 | Got a smoking golden ring
 76319 | Vaults:5 | Identified the ring "Usouleq" {*Tele MR+ Str+3 Int+2
                  | Slay-4} (You found it on level 5 of the Vaults)
 76854 | Vaults:5 | Identified the Reference Book on Creative Combat Magic
 76864 | Vaults:5 | Identified the Grimoire of Incorporation
 76975 | Vaults:5 | Identified the Collected Works on Conjuration and Poisoning
 77227 | Vaults:5 | Got a silver rune of Zot
 77654 | Zot:1    | Entered Level 1 of the Realm of Zot
 78337 | Zot:1    | Reached XP level 24. HP: 154/273 MP: 22/22
 78558 | Zot:1    | Noticed an orb of fire
 78603 | Zot:1    | Lost mutation: You are robust. (+10% HP) [an orb of fire]
 78643 | Zot:1    | Gained mutation: Scrolls take you a little longer to read.
                  | [an orb of fire]
 78645 | Zot:1    | Gained mutation: You are very dopey. (Int -4) [an orb of
                  | fire]
 78646 | Zot:1    | Killed an orb of fire
 79228 | Zot:1    | HP: 7/249 [moth of wrath (9)]
 79228 | Zot:1    | Mangled by a green draconian monk

Skill      XL: |  1  2  3  4  5  6  7  8  9 10 11 12 13 14 15 16 17 18 19 20 21 22 23 24 |
---------------+-------------------------------------------------------------------------+-----
Shields        | 4 5 6 8 10 11 12 15 16 17 | 17.1
Fighting       | 4 5 6 7 8 10 11 13 15 16 17 19 20 21 22 23 24 25 26 27 | 27.0
Maces & Flails | 3 4 5 6 7 9 11 12 | 12.0
Evocations     | 1 2 4 0 |  0.0
Armour         | 4 7 8 10 12 14 16 17 18 20 21 22 23 | 23.2
Stealth        | 4 8 10 11 13 14 15 16 | 16.0
Necromancy     | 3 4 |  4.0
Throwing       | 2 7 11 14 16 | 16.0

Action                   |  1- 3 |  4- 6 |  7- 9 | 10-12 | 13-15 | 16-18 | 19-21 | 22-24 || total
-------------------------+-------+-------+-------+-------+-------+-------+-------+-------++-------
Melee: Flail             |    76 |    60 |       |       |       |       |       |       ||   136
       Headbutt          |     8 |    10 |    46 |   170 |   421 |   753 |  1027 |   666 ||  3101
       Whip              |       |    29 |   287 |   820 |  1571 |  2496 |  2763 |  1750 ||  9716
 Fire: Hunting sling     |    27 |    20 |       |       |       |       |       |       ||    47
Throw: Stone             |     5 |       |       |       |     3 |       |    25 |    12 ||    45
       Tomahawk          |       |       |    23 |     7 |       |       |    19 |       ||    49
       Javelin           |       |       |       |       |    54 |    73 |   146 |    41 ||   314
Invok: Sacrifice Essence |       |       |       |     1 |       |       |       |       ||     1
       Sacrifice Nimblen |       |       |       |     1 |       |       |       |       ||     1
       Reject Sacrifices |       |       |       |     1 |     1 |     1 |       |       ||     3
       Sacrifice Artific |       |       |       |     1 |       |       |       |       ||     1
       Draw Out Power    |       |       |       |       |     8 |     4 |    15 |     8 ||    35
       Apocalypse        |       |       |       |       |     2 |     3 |     1 |     3 ||     9
       Power Leap        |       |       |       |       |     3 |     4 |     2 |       ||     9
       Sacrifice Love    |       |       |       |       |     1 |       |       |       ||     1
       Sacrifice Purity  |       |       |       |       |       |     1 |       |       ||     1
       Sacrifice Arcana  |       |       |       |       |       |       |     1 |       ||     1
  Use: Scroll            |       |    11 |     3 |    16 |     9 |    18 |     5 |    15 ||    77
       Potion            |       |       |       |     3 |     9 |     9 |     1 |     7 ||    29
 Stab: Invisible         |       |       |       |     7 |    18 |     8 |    22 |    20 ||    75
       Distracted        |       |       |       |       |     9 |    20 |    16 |     6 ||    51
       Paralysed         |       |       |       |       |     5 |    13 |    10 |    10 ||    38
       Sleeping          |       |       |       |       |     3 |    22 |     7 |     1 ||    33
       Petrified         |       |       |       |       |       |     8 |       |       ||     8
       Petrifying        |       |       |       |       |       |     1 |       |       ||     1
  Eat: Chunk             |     1 |     2 |    10 |    21 |    14 |    24 |    25 |    14 ||   111
       Ration            |     1 |       |     1 |     3 |    11 |    11 |     7 |     8 ||    42
Armor: Scale mail        |    41 |    28 |    72 |   162 |   137 |       |       |       ||   440
       Ring mail         |       |       |       |       |   171 |   436 |       |       ||   607
       Plate armour      |       |       |       |       |       |    50 |   659 |   507 ||  1216
Dodge: Dodged            |    33 |    17 |    65 |   166 |   264 |   354 |   278 |   215 ||  1392
Block: Shield            |    45 |    44 |   163 |   403 |   984 |  1517 |  1477 |  1101 ||  5734
       Reflection        |       |       |       |       |       |    13 |    88 |    42 ||   143
